 Dungeon Crawl Stone Soup version 0.22.0-38-g04b72b8 (webtiles) character file.

24428 poirepourri the Blocker (level 12, -8/116 HPs)
             Began as a Deep Dwarf Fighter on Aug 28, 2018.
             Was a High Priest of Makhleb.
             Mangled by a death yak (17 damage)
             ... on level 5 of the Lair of Beasts.
             The game lasted 00:10:24 (9739 turns).

poirepourri the Blocker (Deep Dwarf Fighter)        Turns: 9739, Time: 00:10:26

Health: -8/116     AC: 10    Str: 25    XL:     12   Next: 80%
Magic:  17/17      EV:  9    Int: 11    God:    Makhleb [*****.]
Gold:   775        SH: 17    Dex: 19    Spells: 11/11 levels left

rFire    . . .     SeeInvis .   a - +3 war axe
rCold    . . .     Gourm    .   c - +2 shield
rNeg     . . .     Faith    .   b - +0 scale mail
rPois    .         Spirit   .   q - +0 helmet of the Buccaneer {Str+6 Dex+3}
rElec    .         Reflect  .   d - +0 cloak
rCorr    .         Harm     .   h - +0 pair of gloves
MR       +....                  (no boots)
Stlth    ..........             (no amulet)
HPRegen  0.00/turn              i - ring of magical power
MPRegen  0.15/turn              D - +4 ring of slaying

@: non-regenerating
A: damage resistance, heal wounds, sense surroundings 2, no regeneration
a: Heal Wounds, Minor Destruction, Lesser Servant of Makhleb, Major Destruction,
Greater Servant of Makhleb, Renounce Religion


You were on level 5 of the Lair of Beasts.
You worshipped Makhleb.
Makhleb was extremely pleased with you.
You were not hungry.

You visited 2 branches of the dungeon, and saw 16 of its levels.
You also visited: Sewer.

You collected 775 gold pieces.

Inventory:

Hand Weapons
 a - a +3 war axe (weapon)
Missiles
 e - 87 bolts
 o - 15 tomahawks (quivered)
 z - a throwing net
 G - 2 javelins
Armour
 b - a +0 scale mail (worn)
 c - a +2 shield (worn)
 d - a +0 cloak (worn)
 h - a +0 pair of gloves (worn)
 q - the +0 helmet of the Buccaneer (worn) {Str+6 Dex+3}
   (You found it on level 4 of the Dungeon)

   It affects your strength (+6).
   It affects your dexterity (+3).
Jewellery
 i - a ring of magical power (left hand)
 D - a +4 ring of slaying (right hand)
Wands
 m - a wand of polymorph (41)
 p - a wand of digging (10)
 r - a wand of iceblast (11)
 u - a wand of paralysis (14)
 A - a wand of flame (60)
 B - a wand of disintegration (23)
 N - a wand of random effects (33)
Scrolls
 g - 3 scrolls of amnesia
 t - 11 scrolls of teleportation
 w - 6 scrolls of remove curse
 x - 5 scrolls of identify
 y - 2 scrolls of blinking
 K - a scroll of brand weapon {unknown}
 L - 3 scrolls of fear
 M - 3 scrolls of magic mapping
Potions
 j - 8 potions of curing
 k - 2 potions of might
 l - 2 potions of flight
 n - 3 potions of magic
 s - 2 potions of invisibility
 v - 4 potions of haste
 C - 3 potions of lignification {unknown}
 E - a potion of mutation {unknown}
 H - 2 potions of agility {unknown}
 I - a potion of resistance {unknown}
 J - 2 potions of degeneration {unknown}
Comestibles
 f - 20 rations


   Skills:
 - Level 10.0 Fighting
 - Level 14.2 Axes
 - Level 3.2 Armour
 + Level 14.8 Shields


You had 11 spell levels left.
You didn't know any spells.
Your spell library contained the following spells:

 Spells                   Type           Power        Failure   Level  Hunger
 Animate Skeleton         Necr           N/A          63%         1    ##.....
 Pain                     Necr           #...         63%         1    ##.....
 Sandblast                Erth           #.....       63%         1    ##.....
 Passwall                 Tmut/Erth      #.......     77%         2    ###....
 Stone Arrow              Conj/Erth      #.....       94%         3    ####...
 Vampiric Draining        Necr           #.........   94%         3    ####...
 Animate Dead             Necr           N/A          100%        4    #####..
 Petrify                  Tmut/Erth      #.......     100%        4    #####..
 Lee's Rapid Deconstruct  Erth           #.........   100%        5    ######.
 Regeneration             Chrm/Necr      Unusable     N/A         3    N/A

Dungeon Overview and Level Annotations

Branches:
Dungeon (11/15)            Temple (0/1) D:4            Lair (5/6) D:9
  Swamp (0/4) Lair:2        Snake (0/4) Lair:2
  Slime: Lair:5-6       Orc: D:9-12

Altars:
Fedhas
Kikubaaqudgha
Makhleb
Nemelex Xobeh
Qazlal
Vehumet
Yredelemnul
Zin

Shops:
D:5 }


Innate Abilities, Weirdness & Mutations

You are resistant to damage.
You can heal yourself by infusing magical energy.
You passively map the area around you.
You do not regenerate.


Message History

The death yak gores you!
You slash the death yak!
The death yak is lightly wounded.
You slash the death yak! You hit the death yak.
You hit the death yak but do no damage. The death yak closely misses you.
The death yak gores you!!
You hit the death yak.
The death yak is lightly wounded.
You slash the death yak! You hit the death yak but do no damage.
You hit the death yak. You block the death yak's attack.
The death yak gores you!
* * * LOW HITPOINT WARNING * * *
The death yak gores you!
* * * LOW HITPOINT WARNING * * *
You hit the death yak.
The death yak is moderately wounded.
You slash the death yak! x3; The death yak gores you!
* * * LOW HITPOINT WARNING * * *
The death yak gores you!!
You die...

, * #.....#.#P.#.P...P..
, #................... ,
** P..#..#............ *
, , *,, ##...
##.†...P...... , , .
*#..P###............. ,
... #..##..............
,
....##..................
,
...P....................
,
......Y@........<.......
, ,
...##.YYY.............>.
, ,
#...k................ *
.%.......P......≈≈≈... ,
....).........$...≈≈≈§.<
,
.................,≈§≈...
, ...#............,
...... , ....#..........
...... , ,, * ,.P...P.


You could see 4 death yaks and a rime drake.

Vanquished Creatures
  Rupert (Lair:4)
  Erolcha (D:10)
  Harold (D:10)
  A hydra (Lair:2)
  5 death yaks
  2 black mambas
  A rime drake (Lair:1)
  7 spiny frogs
  3 komodo dragons
  A polar bear (Lair:3)
  4 hippogriffs
  Sigmund (D:4)
  28 yaks
  A wyvern (Lair:1)
  A basilisk (Lair:2)
  Menkaure (D:6)
  Edmund (D:6)
  6 water moccasins
  9 porcupines
  8 ice beasts (Lair:1)
  3 black bears (D:10)
  An orc warrior (D:8)
  2 sky beasts
  A necrophage (D:10)
  An ogre (D:9)
  9 wolves
  3 crocodiles
  8 centaurs
  4 big kobolds (Sewer)
  17 bullfrogs
  4 killer bees (D:9)
  An electric eel (Lair:3)
  6 crimson imps
  4 bullfrog zombies
  4 howler monkeys
  A centaur zombie (D:8)
  3 hounds
  An orc priest (D:8)
  A bullfrog skeleton (D:7)
  4 jellies
  8 orc wizards
  Crazy Yiuf (D:4)
  7 worker ants
  A killer bee zombie (D:10)
  A hound skeleton (D:5)
  A howler monkey zombie (D:5)
  A worker ant zombie (D:4)
  10 gnolls
  14 adders
  2 river rats (Sewer)
  12 oozes
  5 worms
  2 dart slugs
  A leopard gecko (D:4)
  30 orcs
  9 ball pythons
  6 bats
  6 giant cockroaches
  6 goblins
  5 hobgoblins
  6 jackals
  5 quokkas
  6 frilled lizards
  A jackal skeleton (D:6)
  22 kobolds
  A leopard gecko zombie (D:7)
  2 quokka skeletons
  A quokka zombie (D:5)
  8 rats
  A fungus (D:3)
342 creatures vanquished.

Vanquished Creatures (others)
  A rat (D:2)
  2 fungi
  A plant (D:2)
  6 toadstools (D:3)
10 creatures vanquished.

Grand Total: 352 creatures vanquished

Notes
Turn   | Place    | Note
-------+----------+-------------------------------------------
     0 | D:1      | poirepourri the Deep Dwarf Fighter began the quest for the Orb.
     0 | D:1      | Reached XP level 1. HP: 20/20 MP: 1/1
    32 | D:1      | Reached XP level 2. HP: 24/27 MP: 2/2
   305 | D:2      | Reached XP level 3. HP: 24/33 MP: 3/3
   357 | D:2      | Found a radiant altar of Vehumet.
   429 | D:2      | Found a burning altar of Makhleb.
   451 | D:2      | Became a worshipper of Makhleb the Destroyer
   899 | D:3      | Reached XP level 4. HP: 25/40 MP: 4/4
   996 | D:3      | Reached skill level 5 in Axes
  1110 | D:3      | Reached XP level 5. HP: 24/46 MP: 5/5
  1175 | D:3      | Noticed a centaur
  1188 | D:3      | Killed a centaur
  1219 | D:3      | Reached * piety under Makhleb
  1789 | D:3      | Reached XP level 6. HP: 36/55 MP: 6/6
  1925 | D:4      | Noticed Sigmund
  1938 | D:4      | Killed Sigmund
  1938 | D:4      | Reached XP level 7. HP: 38/61 MP: 6/6
  1966 | D:4      | Found a staircase to the Ecumenical Temple.
  1973 | D:4      | Reached ** piety under Makhleb
  2397 | D:4      | Got a faintly glowing helmet
  2403 | D:4      | Identified the cursed +0 helmet of the Buccaneer {Str+6 Dex+3} (You found it on level 4 of the Dungeon)
  2438 | D:4      | Found an ancient bone altar of Kikubaaqudgha.
  2711 | D:4      | Found a runed door.
  2715 | D:4      | Noticed Crazy Yiuf
  2720 | D:4      | Killed Crazy Yiuf
  2772 | D:5      | Entered Level 5 of the Dungeon
  2784 | D:5      | Found Piazyafu's Gadget Shop.
  2940 | D:5      | Reached skill level 10 in Axes
  3091 | D:5      | Reached XP level 8. HP: 42/68 MP: 7/7
  3366 | D:5      | Found a blossoming altar of Fedhas.
  3687 | D:6      | Noticed Edmund
  3698 | D:6      | Killed Edmund
  3748 | D:6      | Found a glowing drain.
  3764 | Sewer    | Entered a sewer
  3841 | Sewer    | Reached *** piety under Makhleb
  4131 | D:6      | Noticed Menkaure
  4136 | D:6      | Killed Menkaure
  4201 | D:6      | Gained mutation: You passively map the area around you. [Deep Dwarf growth]
  4201 | D:6      | Reached XP level 9. HP: 39/74 MP: 8/8
  4433 | D:6      | Found a sparkling altar of Nemelex Xobeh.
  4712 | D:7      | Reached **** piety under Makhleb
  4861 | D:7      | Found a glowing silver altar of Zin.
  4879 | D:7      | You fall through a shaft for 3 floors!
  4879 | D:10     | Entered Level 10 of the Dungeon
  4920 | D:10     | Noticed Erolcha
  4931 | D:10     | Killed Erolcha
  4931 | D:10     | Reached skill level 5 in Fighting
  4964 | D:10     | Reached XP level 10. HP: 70/88 MP: 9/9
  5313 | D:10     | Noticed Harold
  5328 | D:10     | Killed Harold
  5407 | D:11     | Noticed a two-headed ogre
  5655 | D:9      | Found a staircase to the Lair.
  5738 | D:9      | Found a stormy altar of Qazlal.
  5873 | D:9      | Found a basalt altar of Yredelemnul.
  6391 | D:8      | Reached ***** piety under Makhleb
  6480 | Lair:1   | Entered Level 1 of the Lair of Beasts
  6686 | Lair:1   | Noticed a spiny frog
  6695 | Lair:1   | Killed a spiny frog
  6695 | Lair:1   | Reached skill level 10 in Fighting
  6695 | Lair:1   | Reached XP level 11. HP: 32/108 MP: 10/10
  6796 | Lair:1   | Found a dark tunnel.
  6927 | Lair:1   | Reached skill level 5 in Shields
  7042 | Lair:1   | Found a frozen archway.
  7364 | Lair:2   | Found a staircase to the Snake Pit.
  7435 | Lair:2   | Noticed a five-headed hydra
  7442 | Lair:2   | Killed a five-headed hydra
  7713 | Lair:2   | Noticed a four-headed hydra
  7720 | Lair:2   | Noticed a death yak
  7720 | Lair:2   | a four-headed hydra changed into a death yak
  7728 | Lair:2   | Killed a death yak
  7728 | Lair:2   | Reached skill level 10 in Shields
  7737 | Lair:2   | Found a staircase to the Swamp.
  8675 | Lair:3   | Reached XP level 12. HP: 99/116 MP: 9/9
  8817 | Lair:4   | Noticed a death yak
  8817 | Lair:4   | Noticed a death yak
  8817 | Lair:4   | Noticed a death yak
  8819 | Lair:4   | Noticed a death yak
  8828 | Lair:4   | Killed a death yak
  8850 | Lair:4   | Killed a death yak
  8851 | Lair:4   | Killed a death yak
  8852 | Lair:4   | Killed a death yak
  9005 | Lair:4   | Noticed Rupert
  9041 | Lair:4   | Killed Rupert
  9727 | Lair:5   | Noticed a death yak
  9727 | Lair:5   | Noticed a death yak
  9728 | Lair:5   | Noticed a death yak
  9729 | Lair:5   | Noticed a death yak
  9739 | Lair:5   | Mangled by a death yak

Skill      XL: |  1  2  3  4  5  6  7  8  9 10 11 12 |
---------------+-------------------------------------+-----
Axes           | 3 4 5 7 8 10 12 14 | 14.2
Fighting       | 5 10 | 10.0
Shields        | 11 14 | 14.8
Armour         | |  3.2

Action                   |  1- 3 |  4- 6 |  7- 9 | 10-12 || total
-------------------------+-------+-------+-------+-------++-------
Melee: War axe           |   130 |   126 |   366 |   489 ||  1111
 Abil: Heal Wounds       |       |     2 |       |    13 ||    15
Evoke: Wand              |       |       |       |    13 ||    13
  Use: Scroll            |     4 |     2 |    10 |     7 ||    23
       Potion            |       |     2 |     1 |     4 ||     7
  Eat: Ration            |       |     1 |     4 |     4 ||     9
Armor: Scale mail        |    64 |    47 |   105 |   136 ||   352
Dodge: Dodged            |    46 |    34 |    76 |    97 ||   253
Block: Shield            |    82 |    66 |   148 |   313 ||   609
